[Event "Titled Tuesday Blitz January 17 Late 2023"]
[White "Petukhov, Dmitry"]
[Black "Vlassov, Nikolai"]
[WhiteFideId "4142748"]
[BlackFideId "4103360"]
[WhiteElo "2350"]
[BlackElo "2283"]
[Result "1/2-1/2"]
[Round "09"]
[TimeControl "180+2"]
[Date "2023.01.17"]
[WhiteClock "0:00:16"]
[BlackClock "0:00:14"]

1. e4 Nc6 2. Nf3 d5 3. exd5 Qxd5 4. c4 Qh5 5. d4 Bg4 6. Be2 O-O-O 7. d5 e6 8. Nc3 Nf6 9. O-O exd5 10. cxd5 Nxd5 11. Nxd5 Rxd5 12. Qa4 Bd6 13. h3 Bxh3 14. gxh3 Qxh3 15. Qh4 Qxh4 16. Nxh4 Nd4 17. Bd1 Re8 18. Nf3 Ne2+ 19. Kg2 Re6 20. Re1 Rg6+ 21. Kf1 Nxc1 22. Rxc1 Rh5 23. Bb3 Rh3 24. Rc3 Rf6 25. Ree3 b5 26. Ke2 a5 27. a4 bxa4 28. Bxa4 Kb7 29. Bc6+ Kb6 30. Bd5 Bb4 31. Rcd3 Rh5 32. b3 Bc5 33. Re8 Rhf5 34. Rb8+ Ka7 35. Ra8+ Kb6 36. Rb8+ Ka6 37. Ra8+ Kb6 38. Be4 Rf4 39. Bd5 R4f5 1/2-1/2


[Site "https://www.chess.com"]

[Event "Titled Tuesday Blitz January 17 Late 2023"]
[White "Graif, William"]
[Black "Mirzoev, Azer"]
[WhiteFideId "2609835"]
[BlackFideId "13400304"]
[WhiteElo "2304"]
[BlackElo "2416"]
[Result "0-1"]
[Round "09"]
[TimeControl "180+2"]
[Date "2023.01.17"]
[WhiteClock "0:00:10"]
[BlackClock "0:01:22"]

1. e4 c5 2. Nc3 e6 3. Nge2 a6 4. g3 b5 5. Bg2 Bb7 6. O-O b4 7. Na4 Nf6 8. d4 cxd4 9. Nxd4 Bxe4 10. Bxe4 Nxe4 11. Qh5 Nf6 12. Qf3 d5 13. Nb3 Nbd7 14. Be3 Rc8 15. Rac1 Be7 16. Qe2 O-O 17. c3 bxc3 18. Rxc3 Rxc3 19. Nxc3 Qa8 20. Rc1 Rc8 21. Na4 Rxc1+ 22. Nxc1 Qc6 23. Nc3 h6 24. Bd4 Bc5 25. Nb3 Bxd4 26. Nxd4 Qb6 27. Qd2 Ne5 28. Kg2 Nc4 29. Qd3 Qxb2 30. Nce2 Qxa2 31. Nf4 Qa3 32. Qb1 Qb2 33. Qe1 Qxd4 0-1


[Site "https://www.chess.com"]

[Event "Titled Tuesday Blitz January 17 Late 2023"]
[White "Weetik, Vjacheslav"]
[Black "Vovk, Orest"]
[WhiteFideId "4153472"]
[BlackFideId "14113490"]
[WhiteElo "2423"]
[BlackElo "2315"]
[Result "1-0"]
[Round "09"]
[TimeControl "180+2"]
[Date "2023.01.17"]
[WhiteClock "0:00:04"]
[BlackClock "0:00:03"]

1. d4 e5 2. dxe5 Nc6 3. Nf3 Qe7 4. Bg5 Qb4+ 5. Nc3 Qxb2 6. Bd2 Bb4 7. Rb1 Qxc3 8. Bxc3 Bxc3+ 9. Nd2 Nxe5 10. e3 Nf6 11. Bd3 d5 12. O-O O-O 13. h3 c6 14. Nf3 Nxf3+ 15. Qxf3 b5 16. Rfd1 b4 17. e4 dxe4 18. Bxe4 Nxe4 19. Qxe4 Be6 20. Rxb4 Bxb4 21. Qxb4 Bxa2 22. Ra1 Bd5 23. Qc5 a6 24. c4 Be6 25. Qxc6 Rac8 26. Qxa6 Rxc4 27. Re1 Rc7 28. Qd6 Rfc8 29. h4 h5 30. Kh2 g6 31. f3 Rc6 32. Qe7 Kg7 33. Kg3 R8c7 34. Qb4 Rc4 35. Qb2+ Kh7 36. Qf6 R4c6 37. Ra1 Rc8 38. Ra7 Kg8 39. Re7 Bd5 40. Qe5 Be6 41. Kf4 Rc4+ 42. Kg5 R4c5 43. Re8+ Kh7 44. Rh8+ Rxh8 45. Qxc5 Rc8 46. Qe7 Ra8 47. Kf6 Ra5 48. Qf8 Rf5+ 49. Ke7 Ba2 50. Qa8 Be6 51. Qb8 Ba2 52. Kf8 Be6 53. Qb2 f6 54. Qb7+ 1-0


[Site "https://www.chess.com"]

[Event "Titled Tuesday Blitz January 17 Late 2023"]
[White "Jovic, Stanoje"]
[Black "Klose, Eli"]
[WhiteFideId "905020"]
[BlackFideId "16242955"]
[WhiteElo "2075"]
[BlackElo "1519"]
[Result "0-1"]
[Round "09"]
[TimeControl "180+2"]
[Date "2023.01.17"]
[WhiteClock "0:00:06"]
[BlackClock "0:00:07"]

1. c4 Nf6 2. g3 c5 3. Bg2 Nc6 4. Nc3 d6 5. Nf3 g6 6. O-O Bd7 7. d4 cxd4 8. Nxd4 Bg7 9. Nxc6 Bxc6 10. Bxc6+ bxc6 11. Qa4 Qd7 12. Bg5 O-O 13. Bxf6 Bxf6 14. Nd5 Bxb2 15. Rab1 Bf6 16. Nxf6+ exf6 17. Rfd1 Rfd8 18. Rd3 d5 19. e4 d4 20. c5 Qe6 21. Rxd4 Rxd4 22. Qxd4 Qxa2 23. Rb7 Qe6 24. Rd7 a5 25. Rd6 Qe8 26. Qa4 Kg7 27. h4 h5 28. Kg2 Ra6 29. f4 Qe7 30. Kf3 Qb7 31. Qd4 Qe7 32. Qa4 Kg8 33. g4 hxg4+ 34. Kxg4 Kg7 35. Kf3 Qb7 36. h5 gxh5 37. Qd4 Qe7 38. e5 fxe5 39. fxe5 Ra8 40. e6+ Kh7 41. Qe4+ Kh8 42. Qe5+ f6 43. Qxh5+ Qh7 44. Qxh7+ Kxh7 45. Rxc6 a4 46. Rb6 a3 47. Rb1 a2 48. Ra1 Kg6 49. Ke4 Ra3 50. c6 Rc3 51. Kd5 Rc2 52. Kd6 f5 53. c7 Kf6 54. Kd7 Rd2+ 55. Ke8 Rc2 56. Kd7 Rd2+ 57. Kc6 Rc2+ 58. Kb7 Rb2+ 59. Ka7 Rc2 60. Kb8 Rb2+ 61. Ka7 Rc2 62. Kb6 Rb2+ 63. Kc5 Rc2+ 64. Kd6 f4 65. Rxa2 Rxa2 66. e7 Rd2+ 67. Kc6 Kxe7 0-1


[Site "https://www.chess.com"]

[Event "Titled Tuesday Blitz January 17 Late 2023"]
[White "Andrews, Todd"]
[Black "Kleiman, Jake"]
[WhiteFideId "2012456"]
[BlackFideId "2020041"]
[WhiteElo "2220"]
[BlackElo "2399"]
[Result "0-1"]
[Round "09"]
[TimeControl "180+2"]
[Date "2023.01.17"]
[WhiteClock "0:00:10"]
[BlackClock "0:00:51"]

1. e4 e5 2. Nf3 Nc6 3. d4 exd4 4. Nxd4 Bb4+ 5. c3 Bc5 6. Be3 Bb6 7. Nc2 Nf6 8. Nd2 O-O 9. Be2 Re8 10. Bf3 d5 11. exd5 Nxd5 12. Bxd5 Qxd5 13. O-O Rd8 14. Qf3 Bf5 15. Qxd5 Rxd5 16. Nb4 Nxb4 17. cxb4 Bxe3 18. fxe3 Rxd2 19. Rxf5 Rxb2 20. a3 Rd8 21. Rf2 Rdd2 22. Rxd2 Rxd2 23. Rc1 c6 24. b5 Rd6 25. Kf2 Kf8 26. bxc6 Rxc6 27. Rb1 b6 28. Rb3 Ke7 29. Kf3 Ke6 30. Rd3 h5 31. h3 g6 32. Rb3 Rc4 33. Rd3 f5 34. Rd8 Ra4 35. Rd3 h4 36. Rc3 g5 37. Rc6+ Ke5 38. Rc3 g4+ 39. Kf2 Ke4 40. Rb3 Rc4 41. hxg4 Rc2+ 42. Kf1 fxg4 43. Kg1 g3 44. Kf1 Rf2+ 45. Kg1 Re2 46. Kf1 Ra2 47. Rc3 b5 48. Rb3 a6 49. Rc3 Rb2 50. Kg1 Rb1+ 51. Rc1 Rxc1# 0-1


[Site "https://www.chess.com"]

[Event "Titled Tuesday Blitz January 17 Late 2023"]
[White "Yedidia, Daniel"]
[Black "Lopez Gracia, Fernando"]
[WhiteFideId "30905907"]
[BlackFideId "2207184"]
[WhiteElo "2041"]
[BlackElo "2255"]
[Result "0-1"]
[Round "09"]
[TimeControl "180+2"]
[Date "2023.01.17"]
[WhiteClock "0:00:15"]
[BlackClock "0:00:06"]

1. d4 Nf6 2. c4 e6 3. Nc3 Bb4 4. e3 O-O 5. Bd3 c5 6. Nf3 Bxc3+ 7. bxc3 d6 8. O-O Nc6 9. Nd2 e5 10. d5 Ne7 11. f4 exf4 12. exf4 Bf5 13. Qc2 Qd7 14. Rb1 b6 15. h3 h5 16. Nf3 Bxd3 17. Qxd3 Qf5 18. Qe2 Rfe8 19. Qb2 Qe4 20. Qb5 Nf5 21. Bd2 Ng3 22. Rfe1 Qd3 23. Rbd1 Nfe4 24. Re3 Qc2 25. Rde1 f5 26. Qb3 Qxb3 27. axb3 Kf7 28. Kh2 g6 29. Kg1 Re7 30. Ng5+ Kf6 31. Bc1 Rae8 32. Ne6 Rxe6 33. dxe6 Rxe6 34. Bb2 h4 35. Ra1 Re7 36. Rd3 Nh5 37. Rf3 Kg7 38. b4 Nd2 39. Rd3 Nxc4 40. Bc1 Ng3 41. Rd1 Ne2+ 42. Kh2 Nxc3 43. Rf1 cxb4 44. Rf3 Ne4 45. Be3 d5 46. Bd4+ Kf7 47. Rb3 a5 48. Rd3 b5 49. Bc5 Nxc5 50. Rxd5 Ne4 51. Rxb5 Re6 52. Rc1 Kf6 53. Rxc4 Nd6 54. Rcc5 Nxb5 55. Rxb5 Ra6 56. Rb8 Ke6 57. Re8+ Kf6 58. Rg8 Kf7 59. Rb8 Kg7 60. Rb7+ Kf6 61. g3 a4 62. gxh4 b3 63. h5 gxh5 64. Rh7 Kg6 65. Rb7 a3 66. Rxb3 a2 67. Kg3 a1=Q 68. Kh4 Qe1+ 69. Rg3+ Qxg3+ 70. Kxg3 Ra3+ 71. Kh4 Ra4 72. Kg3 h4+ 73. Kxh4 Rxf4+ 74. Kg3 Ra4 0-1


[Site "https://www.chess.com"]

[Event "Titled Tuesday Blitz January 17 Late 2023"]
[White "Haszon, David"]
[Black "Kavutskiy, Konstantin"]
[WhiteFideId "733610"]
[BlackFideId "2026384"]
[WhiteElo "2264"]
[BlackElo "2414"]
[Result "1-0"]
[Round "09"]
[TimeControl "180+2"]
[Date "2023.01.17"]
[WhiteClock "0:00:50"]
[BlackClock "0:00:55"]

1. d4 Nf6 2. Bf4 g6 3. Nc3 d5 4. e3 Bg7 5. Be2 O-O 6. h4 h5 7. Nf3 c5 8. Nb5 a6 9. Nc7 Ra7 10. Nxd5 Nxd5 11. Bxb8 Ra8 12. Be5 Qb6 13. Bxg7 Kxg7 14. c4 Nf6 15. Qb3 Qa5+ 16. Qc3 Qxc3+ 17. bxc3 Ne4 18. Rc1 b6 19. Nd2 Nxd2 20. Kxd2 Bb7 21. Bf3 Bxf3 22. gxf3 Rfd8 23. Rb1 Rd6 24. a4 Rc8 25. Kd3 a5 26. Rb5 Rcc6 27. Rhb1 f6 28. d5 e6 29. e4 f5 30. Ke3 exd5 31. cxd5 Rc7 32. Rxb6 Rdd7 33. Re6 Rb7 34. Rbb6 Rxb6 35. Rxb6 fxe4 36. fxe4 g5 37. hxg5 h4 38. Rh6 Rb7 39. Rxh4 Rb3 40. Kd3 Kg6 41. f4 Ra3 42. Rh6+ Kf7 43. f5 Rxa4 44. e5 1-0


[Site "https://www.chess.com"]

[Event "Titled Tuesday Blitz January 17 Late 2023"]
[White "Tokhirjonova, Gulrukhbegim"]
[Black "Ismagilov, Damir"]
[WhiteFideId "14203626"]
[BlackFideId "34199982"]
[WhiteElo "2340"]
[BlackElo "2156"]
[Result "1-0"]
[Round "09"]
[TimeControl "180+2"]
[Date "2023.01.17"]
[WhiteClock "0:01:36"]
[BlackClock "0:00:44"]

1. e4 d6 2. d4 e5 3. dxe5 dxe5 4. Qxd8+ Kxd8 5. Bc4 f6 6. Ne2 c6 7. Be3 Nd7 8. Nbc3 Nb6 9. Bb3 Kc7 10. a4 a5 11. O-O-O Bb4 12. f4 Ne7 13. h3 Bd7 14. Bxb6+ Kxb6 15. Rxd7 Kc5 16. Rxb7 Ng6 17. f5 Nf4 18. Nxf4 exf4 19. Rxg7 Rae8 20. Be6 Kd4 21. Rd1+ Ke3 22. Rd3+ Kf2 23. Rf3+ Kg1 24. Rxf4 Rd8 25. Ne2+ Kh2 26. c3 Bf8 27. Rf7 Bh6 28. Rxf6 Bg5 29. Rf7 Rd3 30. Kc2 Rhd8 31. Rg4 Rd2+ 32. Kb3 Rb8+ 33. Kc4 Rxe2 34. Rxg5 Rxe4+ 35. Kc5 Rxb2 36. f6 Rxa4 37. Kxc6 Ra3 38. c4 a4 39. Ra7 Re3 40. Bd5 a3 41. f7 Rf2 42. Rg8 a2 43. f8=Q Rxf8 44. Rxf8 Re7 45. Rxa2 Rg7 46. c5 h5 47. g4+ Kxh3 48. gxh5 Kh4 49. h6 Rh7 50. Rf6 Kg5 51. Rd6 Kh5 52. Be4 Rh8 53. h7 Kg5 54. Rg2+ Kf4 55. Rg8 Rxh7 56. Bxh7 Ke3 57. Re8+ Kf3 58. Rf6+ Kg4 59. Rg8+ Kh5 60. Bc2 Kh4 61. Rh6# 1-0


[Site "https://www.chess.com"]

[Event "Titled Tuesday Blitz January 17 Late 2023"]
[White "Chernomordik, Pavel"]
[Black "Fiorito, Joaquin"]
[WhiteFideId "2804530"]
[BlackFideId "180173"]
[WhiteElo "2150"]
[BlackElo "2405"]
[Result "0-1"]
[Round "09"]
[TimeControl "180+2"]
[Date "2023.01.17"]
[WhiteClock "0:00:01"]
[BlackClock "0:00:25"]

1. e4 c6 2. Nc3 d5 3. Nf3 Bg4 4. h3 Bxf3 5. Qxf3 Nf6 6. d3 e6 7. Qg3 Nbd7 8. Be2 Qb6 9. O-O O-O-O 10. a4 a5 11. e5 Ng8 12. Qf4 f6 13. exf6 Ngxf6 14. d4 Qc7 15. Qe3 Bb4 16. Na2 Bd6 17. Bd2 Rhe8 18. b4 e5 19. bxa5 exd4 20. Qf3 Ne4 21. Be1 Ne5 22. Qb3 Nc5 23. Qb1 g6 24. Qd1 Ne4 25. Qxd4 Bc5 26. Qd1 Rf8 27. Bg4+ Kb8 28. Nb4 h5 29. Be2 Ng3 30. Rb1 Ka7 31. Nd3 Nxd3 32. Qxd3 Nxf1 33. Bxf1 Rf5 34. a6 b6 35. a5 Rdf8 36. axb6+ Bxb6 37. Qe2 Rb8 38. c4 Ka8 39. cxd5 cxd5 40. Rd1 Rbf8 41. Qb5 Ka7 0-1


[Site "https://www.chess.com"]

[Event "Titled Tuesday Blitz January 17 Late 2023"]
[White "Mazurkiewicz, Michal"]
[Black "Prado Lobo, Jonas"]
[WhiteFideId "1124943"]
[BlackFideId "32050666"]
[WhiteElo "2145"]
[BlackElo "2313"]
[Result "1-0"]
[Round "09"]
[TimeControl "180+2"]
[Date "2023.01.17"]
[WhiteClock "0:00:12"]
[BlackClock "0:00:18"]

1. e4 e5 2. Nf3 Nc6 3. d3 Bc5 4. g3 d6 5. Bg2 Nge7 6. O-O O-O 7. c3 Bb6 8. b4 a6 9. Bb2 d5 10. a3 Bg4 11. Nbd2 dxe4 12. dxe4 Qd3 13. h3 Bh5 14. Qb1 Rad8 15. Qxd3 Rxd3 16. g4 Bg6 17. Nc4 Bxe4 18. Nfxe5 Nxe5 19. Bxe4 Rg3+ 20. Kh2 Nxc4 21. Kxg3 Nxb2 22. Bxb7 a5 23. Rfe1 Ng6 24. Ba6 Rd8 25. Bb5 h6 26. Rab1 Rd2 27. Re2 Rxe2 28. Bxe2 Na4 29. bxa5 Bxa5 30. Rb8+ Kh7 31. Ra8 Nxc3 32. Bd3 Bb6 33. h4 f5 34. Bxf5 Ne2+ 35. Kh2 Nd4 36. h5 Nxf5 37. hxg6+ Kxg6 38. gxf5+ Kxf5 39. a4 Bxf2 40. a5 c5 41. a6 c4 42. Rc8 Ke6 43. Rxc4 Kd7 44. Kg2 Bb6 45. Rb4 Kc6 46. Ra4 Ba7 47. Kf3 Kb5 48. Ra2 g6 49. Kg4 Kb6 50. Kf4 Bb8+ 51. Ke4 Ka7 52. Kd5 h5 53. Kc6 h4 54. Kb5 h3 55. Re2 h2 56. Re7+ Ka8 57. Rh7 Bf4 58. Rh8+ Ka7 59. Rh7+ Ka8 60. a7 Be3 61. Ka6 Bxa7 62. Rxa7+ Kb8 63. Rh7 g5 64. Rxh2 Kc7 65. Rg2 Kd6 66. Rxg5 Ke6 67. Rb5 Kd6 68. Kb6 Ke6 69. Rc5 Kd6 70. Kb5 Ke6 71. Kc6 Kf6 72. Rd5 Ke6 73. Kc5 Ke7 74. Rd6 Kf7 75. Kd5 Ke7 76. Ke5 Kf7 77. Rb6 Ke7 78. Rb7+ Kd8 79. Ke6 Kc8 80. Rh7 Kb8 81. Kd6 Kc8 82. Rg7 Kb8 83. Kc6 Ka8 84. Kb6 Kb8 85. Rg8# 1-0


[Site "https://www.chess.com"]

[Event "Titled Tuesday Blitz January 17 Late 2023"]
[White "Martynov, Pavel"]
[Black "Jorajuria Mendoza, Algol"]
[WhiteFideId "4101260"]
[BlackFideId "5128897"]
[WhiteElo "2414"]
[BlackElo "2069"]
[Result "1-0"]
[Round "09"]
[TimeControl "180+2"]
[Date "2023.01.17"]
[WhiteClock "0:00:11"]
[BlackClock "0:00:03"]

1. e4 g6 2. d4 Bg7 3. Nc3 d6 4. Nge2 Nd7 5. g3 b6 6. Bg2 Bb7 7. O-O c5 8. Re1 Nh6 9. Bg5 f6 10. e5 Bxg2 11. exf6 Nxf6 12. Kxg2 Nf7 13. Bxf6 Bxf6 14. Nf4 O-O 15. Ne6 Qd7 16. Nxf8 Rxf8 17. dxc5 bxc5 18. Nd5 Qb7 19. Qf3 Kg7 20. Nxf6 Qxf3+ 21. Kxf3 Ne5+ 22. Kg2 Rxf6 23. f4 Nc6 24. c3 Kf7 25. Re4 d5 26. Ra4 Re6 27. Kf3 d4 28. Rd1 a5 29. Kf2 Kf6 30. Rc4 dxc3 31. bxc3 Rd6 32. Re1 Rd2+ 33. Re2 Rd5 34. Rce4 Rd6 35. Rb2 e5 36. Rb6 exf4 37. gxf4 Kf5 38. Ke3 Rd1 39. Rc4 Ne7 40. Rxc5+ Kg4 41. Rg5+ Kh4 42. Rxa5 Nd5+ 43. Rxd5 Rxd5 44. c4 Ra5 45. Rb2 Kg4 46. Rc2 Ra3+ 47. Ke4 g5 48. fxg5 Kxg5 49. c5 Kf6 50. c6 Ra8 51. Kd5 Ke7 52. Re2+ Kd8 53. Kd6 Ra3 54. c7+ 1-0


[Site "https://www.chess.com"]

[Event "Titled Tuesday Blitz January 17 Late 2023"]
[White "Nefedov, Sergey"]
[Black "Balague Camps, Marc"]
[WhiteFideId "24113417"]
[BlackFideId "2297914"]
[WhiteElo "2300"]
[BlackElo "2190"]
[Result "1-0"]
[Round "09"]
[TimeControl "180+2"]
[Date "2023.01.17"]
[WhiteClock "0:00:18"]
[BlackClock "0:00:15"]

1. d4 Nf6 2. Nf3 d5 3. g3 c5 4. Bg2 cxd4 5. Nxd4 h6 6. O-O e5 7. Nb3 Nc6 8. Nc3 Be6 9. Na4 b6 10. c4 Rc8 11. cxd5 Bxd5 12. Nc3 Bxg2 13. Kxg2 Qxd1 14. Rxd1 a5 15. Be3 Nd7 16. Nd5 a4 17. Nd2 Nd4 18. Bxd4 exd4 19. Nf3 Rc2 20. Rac1 Rxc1 21. Rxc1 Bc5 22. Nxd4 Ne5 23. Nf5 O-O 24. f4 Nc6 25. e4 a3 26. b3 Ra8 27. Kf3 h5 28. e5 g6 29. Nd6 Nd4+ 30. Ke4 Kg7 31. b4 Ra4 32. bxc5 Nf5+ 33. Kf3 Nd4+ 34. Kf2 bxc5 35. Rxc5 Ne6 36. Rc8 Rd4 37. Nf6 Rd2+ 38. Ke3 1-0


[Site "https://www.chess.com"]

[Event "Titled Tuesday Blitz January 17 Late 2023"]
[White "Milikow, Yoav"]
[Black "Vega Gutierrez, Sabrina"]
[WhiteFideId "2822237"]
[BlackFideId "2219026"]
[WhiteElo "2394"]
[BlackElo "2377"]
[Result "1/2-1/2"]
[Round "09"]
[TimeControl "180+2"]
[Date "2023.01.17"]
[WhiteClock "0:00:50"]
[BlackClock "0:00:11"]

1. e4 c5 2. Nc3 e6 3. Nf3 Nc6 4. Bb5 Nge7 5. O-O Ng6 6. Re1 Be7 7. Bf1 O-O 8. g3 d5 9. h4 d4 10. Nb1 e5 11. d3 Bg4 12. Be2 f5 13. Nfd2 Bxe2 14. Qxe2 f4 15. h5 Nh8 16. g4 Nf7 17. f3 b5 18. Kg2 Qd6 19. Rh1 h6 20. a4 a6 21. Na3 Rab8 22. Nb3 Ng5 23. Bd2 Rfc8 24. Be1 Nd8 25. Bd2 c4 26. dxc4 bxa4 27. Na5 Rxb2 28. Qd3 Nde6 29. Rhb1 Rcb8 30. Nb5 Rxb1 31. Nxd6 Rxa1 32. Nc6 Bxd6 33. Nxb8 Bxb8 34. c5 Bc7 35. Qxa6 Ra2 36. Qc4 Rb2 37. Qxa4 Nxc5 38. Qe8+ Kh7 39. Qg6+ Kg8 40. Qe8+ Kh7 41. Qg6+ Kg8 42. Qe8+ 1/2-1/2


[Site "https://www.chess.com"]

[Event "Titled Tuesday Blitz January 17 Late 2023"]
[White "Aggelis, Nikolaos"]
[Black "AidenRchess"]
[WhiteFideId "4213220"]
[WhiteElo "2270"]
[BlackElo "2443"]
[Result "1-0"]
[Round "09"]
[TimeControl "180+2"]
[Date "2023.01.17"]
[WhiteClock "0:00:17"]
[BlackClock "0:00:25"]

1. b4 e5 2. Nf3 e4 3. Nd4 Bxb4 4. e3 d5 5. Bb2 Nf6 6. Be2 a6 7. O-O Bd6 8. c4 O-O 9. Nc3 c5 10. Nb3 dxc4 11. Bxc4 b5 12. Be2 Bb7 13. Rc1 Qe7 14. a4 b4 15. Nb1 Nbd7 16. h3 Rac8 17. Na5 Ne5 18. Nxb7 Qxb7 19. d4 exd3 20. Bxd3 Rfd8 21. Bxe5 Bxe5 22. Qe2 Rd6 23. Nd2 Nd5 24. Nc4 Re6 25. Nxe5 Rxe5 26. Bxa6 Qc6 27. Bxc8 Qxc8 28. Qc4 h5 29. a5 Rg5 30. Qxc5 Qxh3 31. Qc8+ Qxc8 32. Rxc8+ Kh7 33. a6 Nb6 34. a7 Ra5 35. Rb8 Nd7 36. a8=Q Rxa8 37. Rxa8 b3 38. Rb1 Nb6 39. Ra6 Nd7 40. Rxb3 Nc5 41. Ra7 Nxb3 42. Rxf7 Nc5 43. Rf5 Ne6 44. Rxh5+ Kg6 45. Ra5 Kf7 46. f3 g5 47. g4 Kf6 48. Kf2 Nd8 49. Kg3 Kg6 50. Ra6+ Kg7 51. f4 gxf4+ 52. exf4 Nf7 53. f5 Ne5 54. Kf4 Nd3+ 55. Ke3 Ne5 56. g5 Nc4+ 57. Kf4 Nb2 58. Ra7+ Kf8 59. g6 Nd3+ 60. Kg5 Ne5 61. f6 Nc6 62. Ra8+ Nd8 63. Rxd8# 1-0


[Site "https://www.chess.com"]

[Event "Titled Tuesday Blitz January 17 Late 2023"]
[White "Sreyas Payyappat"]
[Black "Olafsson, Helgi"]
[WhiteFideId "46674969"]
[BlackFideId "2300010"]
[WhiteElo "2076"]
[BlackElo "2491"]
[Result "1-0"]
[Round "09"]
[TimeControl "180+2"]
[Date "2023.01.17"]
[WhiteClock "0:00:15"]
[BlackClock "0:00:02"]

1. e4 c5 2. Nf3 e6 3. d4 cxd4 4. Nxd4 a6 5. Nc3 b5 6. Be3 Bb7 7. Bd3 d6 8. O-O Nf6 9. f3 Be7 10. Qd2 Nbd7 11. Nce2 Rc8 12. c3 Ne5 13. Ng3 O-O 14. Rae1 d5 15. Bf4 Nxd3 16. Qxd3 dxe4 17. fxe4 Qb6 18. Kh1 Rcd8 19. Qf3 Nd7 20. Be3 Ne5 21. Qh5 Nc4 22. Ndf5 Nxe3 23. Nxe7+ Kh8 24. Rf3 Nc4 25. b3 Qc7 26. Ngf5 h6 27. Nxh6 1-0


[Site "https://www.chess.com"]

[Event "Titled Tuesday Blitz January 17 Late 2023"]
[White "Rego, Pedro Filipe"]
[Black "Rodrigues, Tiago Pereira"]
[WhiteFideId "1904310"]
[BlackFideId "2101203"]
[WhiteElo "2312"]
[BlackElo "2155"]
[Result "0-1"]
[Round "09"]
[TimeControl "180+2"]
[Date "2023.01.17"]
[WhiteClock "0:00:04"]
[BlackClock "0:00:11"]

1. d4 Nf6 2. Nc3 d5 3. Bf4 a6 4. Nf3 Bf5 5. e3 e6 6. Ne5 h6 7. g4 Bh7 8. h4 Nfd7 9. Bd3 Bxd3 10. Qxd3 Nxe5 11. Bxe5 Nc6 12. Bg3 Bd6 13. O-O-O Qd7 14. Bxd6 cxd6 15. e4 dxe4 16. Nxe4 Ne7 17. Kb1 O-O-O 18. Rhe1 Kb8 19. a3 Qc7 20. Qf3 Rhf8 21. Rd3 Nd5 22. g5 hxg5 23. hxg5 Rh8 24. Rc1 Rh4 25. c4 Nb6 26. c5 dxc5 27. Nxc5 Rf4 28. Qg3 Qd6 29. Rb3 Nd5 30. Rxb7+ Ka8 31. g6 fxg6 32. Qxg6 Qf8 33. Nxe6 Qe8 34. Nc7+ Nxc7 35. Qb6 Qe4+ 36. Ka1 Qxb7 0-1


[Site "https://www.chess.com"]

[Event "Titled Tuesday Blitz January 17 Late 2023"]
[White "ArchibaldCerveza29"]
[Black "Gurevich, Dmitry"]
[BlackFideId "2000407"]
[WhiteElo "2547"]
[BlackElo "2393"]
[Result "0-1"]
[Round "09"]
[TimeControl "180+2"]
[Date "2023.01.17"]
[WhiteClock "0:00:12"]
[BlackClock "0:00:50"]

1. d4 Nf6 2. c4 a6 3. Nc3 c5 4. d5 b5 5. cxb5 axb5 6. Nxb5 Qa5+ 7. Nc3 Bb7 8. Bd2 Qb6 9. e4 e6 10. Bc4 Nxe4 11. Nxe4 exd5 12. Qh5 dxc4 13. Qe2 Bxe4 14. Qxe4+ Qe6 15. Qxe6+ fxe6 16. Nf3 Nc6 17. O-O d5 18. Rfe1 Kd7 19. Ng5 Re8 20. a4 Bd6 21. a5 h6 22. Nf7 Rhf8 23. Nxd6 Kxd6 24. Re3 Ra8 25. Rg3 g5 26. Rh3 Rf6 27. g3 Nd4 28. Kg2 Nb3 29. Rd1 Nxd2 30. Rxd2 Rxa5 31. f4 gxf4 32. gxf4 Rb5 33. Rh5 Rb3 34. Re2 d4 35. Rc2 c3 36. bxc3 Rxc3 37. Rxc3 dxc3 38. Rh3 Rxf4 39. Rxc3 c4 40. Kg3 e5 41. h4 h5 42. Ra3 Kd5 43. Ra8 Rf5 44. Rd8+ Kc5 45. Rc8+ Kd4 46. Rd8+ Kc3 47. Rc8 Kd3 48. Rd8+ Kc2 49. Rc8 c3 50. Rd8 Kc1 51. Rc8 c2 52. Rc7 e4 53. Rc8 Rb5 54. Rc7 Kb1 55. Rf7 c1=Q 56. Rf2 Qe3+ 57. Kg2 Qxf2+ 58. Kh1 Qxh4+ 0-1


[Site "https://www.chess.com"]

[Event "Titled Tuesday Blitz January 17 Late 2023"]
[White "Bilan, Danila"]
[Black "Estrada Nieto, Julian"]
[WhiteFideId "24161918"]
[BlackFideId "5101018"]
[WhiteElo "2303"]
[BlackElo "2215"]
[Result "0-1"]
[Round "09"]
[TimeControl "180+2"]
[Date "2023.01.17"]
[WhiteClock "0:00:02"]
[BlackClock "0:00:27"]

1. d4 d5 2. Nf3 Nf6 3. c4 dxc4 4. e3 e6 5. Bxc4 a6 6. a4 c5 7. Nc3 Nc6 8. O-O Be7 9. dxc5 Qc7 10. e4 Bxc5 11. Qe2 Ng4 12. g3 Nge5 13. Nxe5 Nxe5 14. Ba2 O-O 15. Bf4 f6 16. Rac1 Qe7 17. Be3 b6 18. a5 Bxe3 19. Qxe3 b5 20. f4 Ng4 21. Qe2 Qa7+ 22. Kh1 Ne3 23. Rfe1 Nc4 24. Bxc4 bxc4 25. Qxc4 Bd7 26. Red1 Rfc8 27. Qd4 Bc6 28. Qxa7 Rxa7 29. Kg1 Rac7 30. Kf2 Bxe4 31. Rd6 Rb7 32. Rxe6 Rxb2+ 33. Ke3 f5 34. Rb6 Rxh2 35. Nxe4 Rxc1 36. Ng5 Rc8 37. Rxa6 h6 38. Nf3 Rg2 39. Ne5 Rxg3+ 40. Kd4 h5 0-1


[Site "https://www.chess.com"]

[Event "Titled Tuesday Blitz January 17 Late 2023"]
[White "Musovic, Armin"]
[Black "Mione, Dario"]
[WhiteFideId "939935"]
[BlackFideId "806625"]
[WhiteElo "2261"]
[BlackElo "2228"]
[Result "1-0"]
[Round "09"]
[TimeControl "180+2"]
[Date "2023.01.17"]
[WhiteClock "0:00:50"]
[BlackClock "0:00:03"]

1. a3 e5 2. Nc3 d5 3. d4 exd4 4. Qxd4 Nc6 5. Qxd5 Be6 6. Qxd8+ Rxd8 7. Nf3 Bg4 8. e3 Nf6 9. Bb5 Rd6 10. Nd4 a6 11. Bxc6+ bxc6 12. h3 Bh5 13. O-O Bg6 14. f4 c5 15. Nb3 Bxc2 16. Nxc5 Rc6 17. Rf2 Bg6 18. Nb3 Ne4 19. Nxe4 Bxe4 20. Nd4 Rb6 21. b4 Be7 22. Bd2 O-O 23. Rc1 Rb7 24. Nc6 Bd6 25. Na5 Rbb8 26. Be1 Rfe8 27. Rd2 Re6 28. Rd4 Ba8 29. Bf2 h5 30. Nc4 Be7 31. Ne5 Bd6 32. Nd3 Rg6 33. g3 Re8 34. Kf1 Rge6 35. f5 Rxe3 36. Bxe3 Rxe3 37. Rxd6 cxd6 38. Rc8+ Kh7 39. Rxa8 Rxd3 40. Rxa6 Rxg3 41. h4 Rf3+ 42. Ke2 Rxf5 43. Rxd6 Rf4 44. b5 Ra4 45. Ra6 Rxh4 46. b6 Rh2+ 47. Kf3 Rb2 48. a4 h4 49. Ra5 Kh6 50. Rb5 Ra2 51. b7 Ra3+ 52. Ke2 Ra2+ 53. Kd1 Ra1+ 54. Kc2 Ra2+ 55. Kb3 1-0


[Site "https://www.chess.com"]

[Event "Titled Tuesday Blitz January 17 Late 2023"]
[White "Przybylski, Wojciech"]
[Black "Seletsky, Grigory"]
[WhiteFideId "1117599"]
[BlackFideId "14112191"]
[WhiteElo "2321"]
[BlackElo "2259"]
[Result "1-0"]
[Round "09"]
[TimeControl "180+2"]
[Date "2023.01.17"]
[WhiteClock "0:00:08"]
[BlackClock "0:00:01"]

1. e4 e6 2. d4 d5 3. Nc3 Nc6 4. Bb5 Nf6 5. e5 Nd7 6. f4 a6 7. Be2 g6 8. Nf3 h5 9. Be3 b6 10. O-O Bb7 11. a3 Ne7 12. b4 Nf5 13. Bf2 c5 14. bxc5 bxc5 15. Rb1 Bc6 16. Bd3 Nxd4 17. Nxd4 cxd4 18. Bxd4 Bc5 19. Ne2 Qe7 20. Kh1 Bxa3 21. c3 Bc5 22. Qd2 Bb5 23. Bxb5 axb5 24. Rxb5 O-O 25. Rb7 Rfc8 26. f5 exf5 27. Nf4 Bxd4 28. cxd4 Rd8 29. Nxd5 Qe6 30. Rxd7 Rxd7 31. Nf6+ Kg7 32. d5 Rad8 33. dxe6 Rxd2 34. e7 Rd1 35. Kg1 Rxf1+ 36. Kxf1 Ra8 37. e8=R Rxe8 38. Nxe8+ Kf8 39. Nc7 Ke7 40. Kf2 f6 41. exf6+ Kxf6 42. Kf3 g5 43. Nd5+ Ke5 44. Nb4 f4 45. Nc6+ Kf5 46. Ne7+ Ke6 47. Nc8 Kf5 48. Nd6+ Ke5 49. Nc4+ Kf5 50. Kf2 g4 51. Nb2 h4 52. h3 Kg5 53. Nd3 Kf5 54. Nc5 Kg5 55. Ne6+ Kf5 56. Nd4+ Kg5 57. Ne2 Kf5 58. Nc3 Kg5 59. Ne4+ Kf5 60. Nc5 Kg5 61. Nd7 Kf5 62. Nf8 Kg5 63. Nh7+ Kf5 64. Nf8 Kg5 65. hxg4 Kxg4 66. Nh7 h3 67. Nf6+ 1-0


[Site "https://www.chess.com"]